 Dungeon Crawl Stone Soup version 0.31-a0-1074-g0b22e4e0f1 (webtiles) character file.

Game seed: 13164972446090353352

781 Zenkrye the Sneak (level 8, -2/43 HPs)
             Began as a Kobold Enchanter on Nov 30, 2023.
             Slain by an orc
             ... wielding a +0 flail
              (4 damage)
             ... on level 5 of the Dungeon.
             The game lasted 00:16:34 (4412 turns).

Zenkrye the Sneak (Kobold Enchanter)                Turns: 4412, Time: 00:16:34

Health: -2/43      AC:  4    Str:  5    XL:     8   Next: 11%
Magic:  14/21      EV: 15    Int: 19    God:
Gold:   254        SH:  0    Dex: 21    Spells: 5/13 levels left

rFire   + . .        a - +2 dagger
rCold   + . .        (no shield)
rNeg    . . .        f - +0 leather armour
rPois   +            (no helmet)
rElec   +            o - +0 cloak
rCorr   +            (no gloves)
SInv    .            (no boots)
Will    .....        (no amulet)
Stlth   +++++        m - +6 ring of dexterity
HPRegen 0.27/turn    x - ring of magical power
MPRegen 0.17/turn

%: no passive effects
@: resistant, invisible
A: small, no large weapons, nightstalker 3
a: no special abilities


You were on level 5 of the Dungeon.
You visited 1 branch of the dungeon, and saw 5 of its levels.

You collected 254 gold pieces.

Inventory:

Hand Weapons
 a - a +2 dagger (weapon)
 l - a +3 vampiric short sword
 u - a +0 dagger of venom
 y - a +0 rapier
Missiles
 p - 14 poisoned darts
Armour
 b - a +0 robe
 f - a +0 leather armour (worn)
 o - a +0 cloak (worn)
 s - the +1 leather armour of Xom {rCorr Str-3 Int+3}
   (You found it on level 3 of the Dungeon)

   Str-3:     It affects your strength (-3).
   Int+3:     It affects your intelligence (+3).
   rCorr:     It protects you from acid and corrosion.
Magical Staves
 g - a staff of earth
Jewellery
 d - a +6 ring of strength
 m - a +6 ring of dexterity (left hand)
 w - a ring of flight
 x - a ring of magical power (right hand)
Scrolls
 i - a scroll of identify {@r1}
 k - 2 scrolls of enchant weapon
 q - a scroll of poison
 r - a scroll of blinking {@r4}
 A - a scroll of amnesia
 B - a scroll of revelation {unknown}
Potions
 c - a potion of invisibility
 e - a potion of resistance {@q6}
 h - a potion of curing {@q1}
 j - a potion of experience {unknown}
 n - a potion of brilliance {unknown}
 t - a potion of cancellation
 v - a potion of magic {unknown}
 z - 2 potions of enlightenment {unknown}


   Skills:
 + Level 1.4 Fighting
 * Level 5.7 Short Blades
 + Level 3.1 Dodging
 + Level 6.9 Stealth
 - Level 3.0 Spellcasting
 * Level 5.0 Hexes
 - Level 3.0 Ice Magic


You had 5 spell levels left.
You knew the following spells:

 Your Spells              Type           Power      Damage    Failure   Level
a - Confusing Touch       Hex            21%        N/A       10%         3
d - Tukima's Dance        Hex            21%        N/A       10%         3
e - Ensorcelled Hibernat  Hex/Ice        36%        N/A       8%          2

Your spell library contained the following spells:

 Spells                   Type           Power      Damage    Failure   Level
 Dazzling Flash           Conj/Hex       24%        N/A       26%         3
 Inner Flame              Hex/Fire       12%        N/A       26%         3
 Flame Wave               Conj/Fire      2%         2d4       94%         4
 Sticky Flame             Conj/Fire      2%         2d3       94%         4


Dungeon Overview and Level Annotations

Branches:
Dungeon (5/15)
 Temple: D:4-7

Altars:
Elyvilon
Fedhas
Kikubaaqudgha
Sif Muna
Zin

Shops:
D:1 *   D:4 *

Annotations:
D:5 Dowan, Duvessa


Innate Abilities, Weirdness & Mutations

You are small and have problems with some larger weapons.
You are completely attuned to the shadows.


Message History

You catch the helpless orc priest completely off-guard!
You hit the orc priest but do no damage.
The orc priest appears confused.
You feel sick.
You are no longer poisoned.
The orc priest misses you. The orc closely misses you. x2
You hit the orc priest but do no damage.
The orc closely misses you. The orc barely misses you.
It was a potion of resistance.
You feel protected. The orc hits you but does no damage.
It was a potion of curing.
You feel better.
The orc priest hits you with a +0 hand axe.
* * * LOW HITPOINT WARNING * * *
The orc barely misses you. The orc hits you with a +0 dagger.
* * * LOW HITPOINT WARNING * * *
Casting: Confusing Touch (dangerous; 10% risk of failure)
Confirm with . or Enter, or press ? or * to list all spells.
Your hands begin to glow red.
The orc priest closely misses you. The orc misses you. x2
You hit the orc priest but do no damage.
The orc priest appears confused.
You punch the orc priest.
The orc priest is lightly wounded.
You hit the orc priest.
The orc priest is moderately wounded.
The orc completely misses you.
You hit the orc.
The orc is almost dead.
The orc closely misses you. The orc hits you with a +0 dagger.
* * * LOW HITPOINT WARNING * * *
You catch the helpless orc completely off-guard!
You impale the orc!!
You kill the orc!
The orc closely misses you.
Your Hexes skill increases to level 5!
You hit the orc.
The orc is heavily wounded.
You barely miss the orc.
The orc is heavily wounded.
The orc hits you with a +0 flail.
You die...

.....# .....# .....#
.....### ###.....
........ #.####
.......# #.#
........# #.#
#........# #.#
#.....@..# #.#
##....).o.# ###.###
....†.)..... ......#
.........o.. .##.#.#
............ ).#.#.#
...)........ #.....#
............
###...##............
..#....#............


You could see an orc priest (confused, unable to see you) and an orc (unable to
see you).

Vanquished Creatures
  An ice beast (D:5)
  A black bear (D:3)
  A phantom (D:4)
  A kobold brigand (D:4)
  A scorpion (D:5)
  3 hounds (D:5)
  A jelly (D:4)
  2 iguanas
  An orc wizard (D:2)
  A gnoll (D:1)
  10 adders
  3 ufetubi (D:5)
  2 worms
  3 dart slugs
  6 orcs
  6 ball pythons
  2 endoplasms
  5 giant cockroaches
  5 goblins
  5 hobgoblins
  4 jackals (D:4)
  10 kobolds
  5 quokkas
  4 frilled lizards
  4 rats
87 creatures vanquished.

Notes
Turn   | Place    | Note
-------+----------+-------------------------------------------
     0 | D:1      | Zenkrye the Kobold Enchanter began the quest for the Orb.
     0 | D:1      | Reached XP level 1. HP: 10/10 MP: 3/3
   171 | D:1      | Reached XP level 2. HP: 15/15 MP: 5/5
   358 | D:1      | Learned a level 2 spell: Ensorcelled Hibernation
   361 | D:1      | Found Jenyast Coap's Assorted Antiques.
   426 | D:1      | Reached XP level 3. HP: 13/19 MP: 1/6
  1487 | D:2      | Reached skill level 5 in Stealth
  1487 | D:2      | Reached XP level 4. HP: 24/24 MP: 7/7
  1512 | D:2      | Reached skill level 1 in Ice Magic
  2119 | D:2      | Reached XP level 5. HP: 18/28 MP: 9/9
  2369 | D:2      | Learned a level 3 spell: Confusing Touch
  2373 | D:2      | Learned a level 3 spell: Tukima's Dance
  2603 | D:3      | Found a faded altar of an unknown god.
  2641 | D:3      | Noticed a black bear
  2646 | D:3      | Killed a black bear
  2647 | D:3      | Reached XP level 6. HP: 32/32 MP: 10/10
  2647 | D:3      | Found a white marble altar of Elyvilon.
  2659 | D:3      | Found an ancient bone altar of Kikubaaqudgha.
  2801 | D:3      | Identified the +1 leather armour of Xom {rCorr Str-3 Int+3}
  3152 | D:4      | Found Roinieng's Mass Market.
  3368 | D:4      | Found a blossoming altar of Fedhas.
  3395 | D:4      | Reached skill level 6 in Stealth
  3465 | D:4      | Reached XP level 7. HP: 30/36 MP: 11/11
  3750 | D:5      | Entered Level 5 of the Dungeon
  3755 | D:5      | Found a shimmering blue altar of Sif Muna.
  3798 | D:5      | Noticed Duvessa
  3798 | D:5      | Noticed Dowan
  3814 | D:5      | Reached skill level 5 in Short Blades
  4008 | D:5      | Found a glowing silver altar of Zin.
  4198 | D:5      | Reached skill level 1 in Fighting
  4198 | D:5      | Reached XP level 8. HP: 32/43 MP: 12/12
  4409 | D:5      | HP: 2/43 [orc/+0 dagger (4)]
  4411 | D:5      | Reached skill level 5 in Hexes
  4412 | D:5      | Slain by an orc

Illustrated notes

Levels and vault maps discovered:
D:1:      lemuel_arrival_behind_the_door_small, layout_basic, serial_shops,
          nicolae_shop_dealshenge
D:2:      minmay_wonky_spiral, layout_loops_ring, kennysheep_generic_room_4
D:3:      layout_basic, amethyst_overflow_temple_binary,
          hellmonk_ecumenical_altar_inner_sanctum, grunt_decor_junction
D:4:      layout_cave_pools, fedhas_altar_1, grunt_ministairs_7,
          minmay_shop_mass
D:5:      layout_basic, led_sif_book, mainiacjoe_overflow_chevrons,
          lemuel_tele_altar, kennysheep_generic_room_8, uniq_duvessa

Skill      XL: |  1  2  3  4  5  6  7  8 |
---------------+-------------------------+-----
Short Blades   | 2 3 4 5 |  5.7
Stealth        | 5 6 |  6.9
Ice Magic      | 1 2 3 |  3.0
Spellcasting   | 3 |  3.0
Hexes          | 4 5 |  5.0
Fighting       | 1 |  1.4
Dodging        | 3 |  3.1

Action                     |  1- 3 |  4- 6 |  7- 9 || total
---------------------------+-------+-------+-------++-------
  Melee: Dagger            |    52 |    96 |    86 ||   234
         Punch             |       |     1 |     1 ||     2
   Cast: Ensorcelled Hiber |     3 |     6 |     5 ||    14
         Confusing Touch   |       |     1 |     6 ||     7
    Use: Scroll            |     4 |     5 |       ||     9
         Potion            |       |       |     3 ||     3
   Stab: Sleeping          |    17 |    24 |    12 ||    53
         Distracted        |     1 |     1 |       ||     2
         Confused          |       |     1 |     3 ||     4
         Invisible         |       |       |     2 ||     2
 Armour: Robe              |     5 |       |       ||     5
         Leather armour    |     4 |    35 |    57 ||    96
  Dodge: Dodged            |    22 |    41 |   122 ||   185

Table legend: (Time is in decaauts)
 A = Elapsed time spent in this place.
 B = Non-inter-level travel time spent in this place.
 C = Inter-level travel time spent in this place.
 D = Time resting spent in this place.
 E = Time spent auto-exploring this place.
 F = Levels seen in this place.
 G = Mean time per level.
                   A        B        C        D        E       F      G
               +--------+--------+--------+--------+--------+-----+--------+
         Total |   4362 |   4301 |     61 |    286 |   3262 |   5 |  872.4 |
       Dungeon |   4362 |   4301 |     61 |    286 |   3262 |   5 |  872.4 |
               +--------+--------+--------+--------+--------+-----+--------+

Top non-repeatable levels by time:
     D:1: 1191 daAuts
     D:2: 1190 daAuts
     D:4: 836 daAuts
     D:3: 588 daAuts
     D:5: 555 daAuts
